 Dungeon Crawl Stone Soup version 0.31-a0-851-g7ff8af7976 (webtiles) character file.

Game seed: 2844921535170306511

51 Darius099 the Ruffian (level 3, -3/36 HPs)
             Began as a Troll Monk on Oct 7, 2023.
             Slain by a gnoll
             ... wielding a +0 halberd
              (11 damage)
             ... on level 2 of the Dungeon.
             The game lasted 00:02:20 (913 turns).

Darius099 the Ruffian (Troll Monk)                   Turns: 913, Time: 00:02:20

Health: -3/36      AC:  4    Str: 21    XL:     3   Next: 57%
Magic:  2/2        EV: 10    Int:  6    God:
Gold:   111        SH:  0    Dex: 12    Spells: 2/2 levels left

rFire   . .          .
                       - Unarmed
rCold   . . .        (no shield)
rNeg    . . .        a - +0 robe
rPois   .            (helmet restricted)
rElec   .            (no cloak)
rCorr   .            (gloves unavailable)
SInv    .            (boots unavailable)
Will    .....        (no amulet)
Stlth   +            (no ring)
HPRegen 1.06/turn    (no ring)
MPRegen 0.08/turn

%: no passive effects
@: no status effects
A: large, unfitting armour, claws 3, regeneration 1, shaggy fur 1, tough skin 1
a: no special abilities


You were on level 2 of the Dungeon.
You visited 1 branch of the dungeon, and saw 2 of its levels.

You collected 111 gold pieces.

Inventory:

Armour
 a - a +0 robe (worn)
Scrolls
 g - a scroll of noise {unknown}
 h - a scroll of fog {unknown}
Potions
 b - a potion of ambrosia
 c - a potion of degeneration {unknown}
 d - a potion of attraction {unknown}
 e - a potion of mutation {unknown}
 f - a potion of heal wounds {unknown}


   Skills:
 - Level 2.4 Fighting
 - Level 2.4 Dodging
 + Level 4.6 Unarmed Combat


You had 2 spell levels left.
You didn't know any spells.
Your spell library contained the following spells:

 Spells                   Type           Power      Damage    Failure   Level
 Dazzling Flash           Conj/Hex       0%         N/A       83%         3
 Volatile Blastmotes      Fire/Tloc      0%         2d10      83%         3
 Starburst                Conj/Fire      0%         6d3       100%        6
 Maxwell's Capacitive Co  Air            0%         ∞         100%        8


Dungeon Overview and Level Annotations

Branches:
Dungeon (2/15)

Altars:

Shops:
D:1 ?


Innate Abilities, Weirdness & Mutations

You are too large for most types of armour.
You have claws for hands.
Your natural rate of healing is unusually fast.
You are covered in fur. (AC +1)
You have tough skin. (AC +1)


Message History

You barely miss the gnoll. The bat zombie closely misses you.
The bat zombie barely misses you. The adder bites you.
The gnoll hits you from afar with a +0 halberd!
A ball python comes into view.
The ball python hisses angrily.
You claw the gnoll!
You kill the gnoll!
The adder barely misses you. The gnoll hits you with a +0 flail!
The gnoll hits you from afar with a +0 halberd.
You are too injured to fight recklessly!
You are too injured to fight recklessly!
You are too injured to fight recklessly!
You are too injured to fight recklessly!
The bat zombie closely misses you. The adder bites you.
The bat zombie hits you but does no damage.
The adder barely misses you. The bat zombie barely misses you.
The bat zombie hits you but does no damage.
The bat zombie hits you but does no damage.
You claw the adder!
You kill the adder!
The bat zombie closely misses you.
You are too injured to fight recklessly!
You closely miss the bat zombie. The bat zombie closely misses you.
The bat zombie hits you but does no damage.
The quokka zombie closely misses you.
You scratch the gnoll but do no damage. You scratch the gnoll.
The gnoll is moderately wounded.
The gnoll misses you.
You closely miss the gnoll.
The gnoll is moderately wounded.
The gnoll hits you but does no damage. The gnoll hits you with a +0 flail.
The gnoll barely misses you.
You claw the gnoll!
The gnoll is almost dead.
The gnoll hits you with a +0 flail. x2
* * * LOW HITPOINT WARNING * * *
The gnoll hits you from afar with a +0 halberd!
You die...

............### ####.......
..............###......#.#
............#........#S..#.
.......................#...
..######...####...#........
.#######........##)........
.###..........####.........
...#.......##....#gS.......
##..............@gZ........
###....###.#####g.....#...
#....# #.# ..#####....
#....# #†# #### .### #....#
#.. # ###### ####


You could see 3 gnolls, a bat zombie and a ball python.

Vanquished Creatures
  A gnoll (D:2)
  An adder (D:2)
  A worm (D:2)
  3 ball pythons (D:1)
  3 endoplasms (D:1)
  2 giant cockroaches (D:1)
  3 hobgoblins (D:1)
  4 jackals (D:1)
  A quokka (D:1)
  2 bats (D:1)
  2 kobolds (D:1)
  A quokka skeleton (D:2)
  3 rats (D:1)
27 creatures vanquished.

Notes
Turn   | Place    | Note
-------+----------+-------------------------------------------
     0 | D:1      | Darius099 the Troll Monk began the quest for the Orb.
     0 | D:1      | Reached XP level 1. HP: 22/22 MP: 0/0
    92 | D:1      | Reached XP level 2. HP: 28/29 MP: 1/1
   287 | D:1      | Found The Oracle's Delphic Readings.
   380 | D:1      | Reached skill level 4 in Unarmed Combat
   832 | D:2      | Reached XP level 3. HP: 36/36 MP: 2/2
   913 | D:2      | Slain by a gnoll

Illustrated notes

Levels and vault maps discovered:
D:1:      mrwooster_arrival_arrow, layout_basic, nicolae_nh_oracle_at_delphi
D:2:      layout_rooms, nicolae_ecumenical_pavilion, serial_undead,
          serial_undead_b, serial_undead_e, serial_undead_f, serial_undead_f,
          serial_undead_c, serial_undead_d, minmay_misc_feat_hallway,
          serial_park_tiny_1, minmay_misc_feat_pillars

Skill      XL: |  1  2 |
---------------+-------+-----
Unarmed Combat | 4 |  4.6
Fighting       | |  2.4
Dodging        | |  2.4

Action                     || total
---------------------------++-------
  Melee: Unarmed           ||    63
         Punch             ||     1
   Stab: Sleeping          ||     2
 Armour: Robe              ||    44
  Dodge: Dodged            ||    31

Table legend: (Time is in decaauts)
 A = Elapsed time spent in this place.
 B = Non-inter-level travel time spent in this place.
 C = Inter-level travel time spent in this place.
 D = Time resting spent in this place.
 E = Time spent auto-exploring this place.
 F = Levels seen in this place.
 G = Mean time per level.
                   A        B        C        D        E       F      G
               +--------+--------+--------+--------+--------+-----+--------+
         Total |    908 |    890 |     18 |      0 |    740 |   2 |  454.0 |
       Dungeon |    908 |    890 |     18 |      0 |    740 |   2 |  454.0 |
               +--------+--------+--------+--------+--------+-----+--------+

Top non-repeatable levels by time:
     D:1: 823 daAuts
     D:2: 84 daAuts
